 Dungeon Crawl Stone Soup version 0.20-a0-1006-ge6c5631 (console) character file.

37 nht the Firebug (level 3, 0/26 HPs)
             Began as a Hill Orc Fire Elementalist on Apr 13, 2017.
             Was an Initiate of Vehumet.
             Succumbed to an adder's poison
             ... on level 3 of the Dungeon.
             The game lasted 00:02:30 (1107 turns).

nht the Firebug (Hill Orc Fire Elementalist)        Turns: 1107, Time: 00:02:31

Health: 0/26       AC:  3    Str: 10    XL:     3   Next: 39%
Magic:  2/5        EV: 12    Int: 16    God:    Vehumet [......]
Gold:   73         SH:  0    Dex: 11    Spells: 4/5 levels left

rFire    . . .     SeeInvis .   (no weapon)
rCold    . . .     Gourm    .   (no shield)
rNeg     . . .     Faith    .   a - +0 robe
rPois    .         Spirit   .   (no helmet)
rElec    .         Reflect  .   g - +0 cloak
rCorr    .         Harm     .   (no gloves)
MR       .....                  (no boots)
Stlth    +++.......             (no amulet)
Regen    0.1/turn               f - ring of stealth
MPRegen  0.1/turn               (no ring)

@: lethally poisoned (0 -> -3)
A: no striking features
a: Renounce Religion


You were on level 3 of the Dungeon.
You worshipped Vehumet.
Vehumet was noncommittal.
You were not hungry.

You visited 1 branch of the dungeon, and saw 3 of its levels.

You collected 73 gold pieces.

Inventory:

Armour
 a - a +0 robe (worn)
 g - a +0 cloak (worn)
Jewellery
 f - a ring of stealth (left hand)
Scrolls
 h - a scroll of remove curse
 j - a scroll of magic mapping
Potions
 e - a potion of brilliance
Books
 b - a book of Flames

   Spells                             Type                      Level
   a - Flame Tongue                   Conjuration/Fire             1
   b - Throw Flame                    Conjuration/Fire             2
   c - Conjure Flame                  Conjuration/Fire             3
   d - Inner Flame                    Hexes/Fire                   3
   e - Sticky Flame                   Conjuration/Fire             4
   f - Fireball                       Conjuration/Fire             5
Comestibles
 c - 2 bread rations
 d - 2 meat rations
 l - 3 chunks of flesh


   Skills:
 - Level 1.5 Dodging
 - Level 1.5 Stealth
 - Level 1.5 Spellcasting
 + Level 2.4 Conjurations
 + Level 4.0 Fire Magic


You had 4 spell levels left.
You knew the following spells:

 Your Spells              Type           Power        Failure   Level  Hunger
a - Flame Tongue          Conj/Fire      ##...        8%          1    ##.....


Dungeon Overview and Level Annotations

Branches:
Dungeon (3/15)

Altars:
Vehumet
Zin


Message History

You feel sick.
* * * LOW HITPOINT WARNING * * *
You feel sick.
Found 2 gold pieces.
* * * LOW HITPOINT WARNING * * *
You feel sick.
There is an escape hatch in the floor here.
You slide downwards.
The hatch slams shut behind you.
There is a lethal amount of poison in your body!
* * * LOW HITPOINT WARNING * * *
You feel sick.
Found 13 gold pieces.
A quokka comes into view.
* * * LOW HITPOINT WARNING * * *
You feel sick.
Your magical contamination has completely faded away.
Found an orange potion.
* * * LOW HITPOINT WARNING * * *
You feel sick.
You die...

█. ██ █.█ .█
+███████.███.█
█.█.............
█.█............█
█.█............█
█.██..r........█
█.██........@..█
█████.██...........█
......██...........█
...................█
████████...........█
█...........█
█...........█
█.............
█...........███


You could see a quokka.

Vanquished Creatures
  An adder (D:2)
  2 dart slugs (D:2)
  A leopard gecko (D:1)
  7 goblins
  3 hobgoblins
  A quokka (D:2)
  2 bats
  3 frilled lizards (D:1)
  2 kobolds
  A rat (D:1)
23 creatures vanquished.

Notes
Turn   | Place    | Note
-------+----------+-------------------------------------------
     0 | D:1      | nht the Hill Orc Fire Elementalist began the quest for the Orb.
     0 | D:1      | Reached XP level 1. HP: 14/14 MP: 3/3
   192 | D:1      | Reached XP level 2. HP: 10/20 MP: 2/4
   800 | D:2      | Found a radiant altar of Vehumet.
   824 | D:2      | Became a worshipper of Vehumet
   854 | D:2      | Found a glowing silver altar of Zin.
   897 | D:2      | Reached XP level 3. HP: 10/26 MP: 0/5
   944 | D:2      | Reached skill level 4 in Fire Magic
  1099 | D:3      | HP: 1/26 [poisoned by an adder]
  1107 | D:3      | Succumbed to an adder's poison

Vault maps used:
D:1:      saegor_arrival_simple_c, minmay_splitting_lines
D:2:      old_standard_altar, nicolae_overflow_crystal_walls,
          lemuel_coloured_pillars_altar, first_bread

Skill      XL: |  1  2  3 |
---------------+----------+-----
Conjurations   | 2 |  2.4
Fire Magic     | 4 |  4.0
Dodging        | |  1.5
Stealth        | |  1.5
Spellcasting   | |  1.5

Action                   || total
-------------------------++-------
Melee: Unarmed           ||    32
 Cast: Flame Tongue      ||    42
  Use: Scroll            ||     6
       Potion            ||     3
  Eat: Chunk             ||     2
Armor: Robe              ||     8
Dodge: Dodged            ||    28
